 Dungeon Crawl Stone Soup version 0.29.1-15-g9cfb28693d (webtiles) character file.

Game seed: 12749457035209748792

53 Alturiack the Ducker (level 3, -2/17 HPs)
             Began as a Spriggan Arcane Marksman on Apr 11, 2023.
             Slain by a hobgoblin (4 damage)
             ... on level 2 of the Dungeon.
             The game lasted 00:06:41 (2043 turns).

Alturiack the Ducker (Spriggan Arcane Marksman)     Turns: 2043, Time: 00:06:41

Health: -2/17      AC:  2    Str:  6    XL:     3   Next: 62%
Magic:  6/6        EV: 17    Int: 14    God:
Gold:   74         SH:  5    Dex: 17    Spells: 3/4 levels left

rFire   . . .      SeeInvis +   a - +1 sling
rCold   . . .      Faith    .   g - +0 buckler
rNeg    . . .      Spirit   .   c - +0 robe
rPois   .          Reflect  .   (helmet restricted)
rElec   .          Harm     .   (no cloak)
rCorr   .          Rampage  .   (gloves unavailable)
Will    .....                   (boots unavailable)
Stlth   ++........              (no amulet)
HPRegen 0.05/turn               (no ring)
MPRegen 0.10/turn               (no ring)

@: very quick
A: very small, no large weapons, unfitting armour, see invisible, speed 3
a: no special abilities


You were on level 2 of the Dungeon.
You visited 1 branch of the dungeon, and saw 2 of its levels.

You collected 74 gold pieces.

Inventory:

Hand Weapons
 a - a +1 sling (weapon)
Armour
 c - a +0 robe (worn)
 g - a +0 buckler (worn)
Scrolls
 b - 2 scrolls of poison
 e - a scroll of teleportation {unknown}
 f - a scroll of identify {unknown}
 i - a scroll of amnesia {unknown}
 j - a scroll of torment {unknown}
 n - a scroll of enchant armour {unknown}
Potions
 d - a potion of flight {unknown}
 h - a potion of curing {unknown}
 k - a potion of might {unknown}
 l - 2 potions of heal wounds {unknown}
 m - 2 potions of degeneration {unknown}
 o - a potion of attraction {unknown}


   Skills:
 - Level 0.7 Fighting
 + Level 3.1 Ranged Weapons
 + Level 4.2 Dodging
 - Level 1.3 Spellcasting
 - Level 3.6 Hexes


You had 3 spell levels left.
You knew the following spells:

 Your Spells              Type           Power      Damage    Failure   Level
a - Slow                  Hex            44%        N/A       13%         1

Your spell library contained the following spells:

 Spells                   Type           Power      Damage    Failure   Level
 Inner Flame              Hex/Fire       6%         N/A       63%         3
 Portal Projectile        Hex/Tloc       12%        N/A       63%         3
 Cause Fear               Hex            5%         N/A       77%         4


Dungeon Overview and Level Annotations

Branches:
Dungeon (2/15)

Altars:

Annotations:
D:2 Sigmund


Innate Abilities, Weirdness & Mutations

You are very small and have problems with some larger weapons.
You are too small for most types of armour.
You have supernaturally acute eyesight. (SInv)
You cover ground extremely quickly. (Speed+++)


Message History

Found a book of Touch.
You see here 4 gold pieces.
You see here a +0 scale mail.
Fire: a) +1 sling
Press: ? - help, Q - select action, (/) - cycle Shift-Dir - straight line, f - adder
Aim: an adder (wandering, hasn't noticed you, 40% to hit)
You shoot a sling bullet. The sling bullet misses the adder.
The adder hisses angrily.
Fire: a) +1 sling
Press: ? - help, Q - select action, (/) - cycle Shift-Dir - straight line, f/p - adder
Aim: an adder (40% to hit)
You shoot a sling bullet. The sling bullet misses the adder.
Fire: a) +1 sling
Press: ? - help, Q - select action, (/) - cycle Shift-Dir - straight line, f/p - adder
Aim: an adder (40% to hit)
You shoot a sling bullet.
The sling bullet closely misses the adder.
The adder bites you.
* * * LOW HITPOINT WARNING * * *
The adder bites you but does no damage.
Fire: a) +1 sling
Press: ? - help, Q - select action, (/) - cycle Shift-Dir - straight line, f/p - adder
Aim: an adder (40% to hit)
You shoot a sling bullet. The sling bullet hits the adder.
The adder is moderately wounded.
You block the adder's attack. The adder bites you.
* * * LOW HITPOINT WARNING * * *
Fire: a) +1 sling
Press: ? - help, Q - select action, (/) - cycle Shift-Dir - straight line, f/p - adder
Aim: an adder (moderately wounded, 40% to hit)
You shoot a sling bullet. The sling bullet hits the adder.
The adder is severely wounded.
The adder misses you.
Fire: a) +1 sling
Press: ? - help, Q - select action, (/) - cycle Shift-Dir - straight line, f/p - adder
Aim: an adder (severely wounded, 40% to hit)
You shoot a sling bullet. The sling bullet hits the adder.
You kill the adder!
The hobgoblin hits you.
You die...

# ....#..### ....
## #..##...#
##.##.# .#
#..#..#.##...##.#
.######....#.....#
#.#
...g........$..####
#.#
..######..........#
#.## #.#
#h.#)##@...# #..#
..#
.h.....###g..####.#
#.. :.#.##..#
##@......# ....# #.
##.# ##......##
.... #. #..
##..#...### #...#
.. #... ##.......#
#.......# #.......#
#.รท.....#
#S......# #<......#


You could see Sigmund and a hobgoblin.

Vanquished Creatures
  An adder (D:2)
  2 dart slugs (D:1)
  3 bats (D:1)
  8 endoplasms
  A giant cockroach (D:2)
  4 goblins
  5 hobgoblins
  4 jackals (D:1)
  A quokka (D:1)
  4 ball pythons
  6 frilled lizards
  4 kobolds (D:1)
  2 rats
45 creatures vanquished.

Notes
Turn   | Place    | Note
-------+----------+-------------------------------------------
     0 | D:1      | Alturiack the Spriggan Arcane Marksman began the quest for
                  | the Orb.
     0 | D:1      | Reached XP level 1. HP: 9/9 MP: 3/3
   102 | D:1      | Reached skill level 3 in Dodging
   109 | D:1      | Reached XP level 2. HP: 13/14 MP: 5/5
   646 | D:1      | Found a faded altar of an unknown god.
   658 | D:1      | Reached XP level 3. HP: 11/17 MP: 4/6
  1029 | D:1      | Reached skill level 4 in Dodging
  1580 | D:2      | Noticed Sigmund
  2043 | D:2      | Slain by a hobgoblin

Illustrated notes

Levels and vault maps discovered:
D:1:      minmay_arrival_hallway, layout_loops_ring, basic_ecumenical_altar
D:2:      layout_rooms, chequers_serial_rivers_micro_c, minmay_surrounded,
          uniq_sigmund

Skill      XL: |  1  2  3 |
---------------+----------+-----
Dodging        | 3 4 |  4.2
Ranged Weapons | 3 |  3.1
Fighting       | |  0.7
Spellcasting   | |  1.3
Hexes          | |  3.6

Action                   || total
-------------------------++-------
Melee: Sling             ||     1
 Fire: Sling             ||   133
 Cast: Slow              ||    32
Armor: Robe              ||    12
Dodge: Dodged            ||    63
Block: Buckler           ||     8
